Map: Nightscape LE

Players

Nova - Winner!

  • Race: Terran Terran
  • League: Diamond
  • Spawn Location: 1:00

Ganon - Winner!

  • Race: Protoss Protoss
  • League: Diamond
  • Spawn Location: 1:00

Massa

  • Race: Terran Terran
  • League: Platinum
  • Spawn Location: 7:00

qqq

  • Race: Zerg Zerg
  • League: Platinum
  • Spawn Location: 7:00

VOD

Have the link to the VOD?

Description

Time

  • Played on: Dec. 5, 2020, 4:14 p.m.
  • Length: 25:06
Show
View Real Time Build Order
Export as new Build Order

Nova Terran - Winner!

Build Orders: Reaper Expand 

Get SALT Encoding   

  12  0:00  SCV  
  13  0:12  SCV  
  14  0:17  Supply Depot  
  14  0:25  SCV  
  15  0:39  SCV  
  16  0:43  Barracks  
  16  0:47  Refinery  
  16  0:51  SCV  
  17  1:03  SCV  
  18  1:15  SCV  
  19  1:31  Orbital Command  
  19  1:32  Reaper  
  20  1:46  Command Center  
  20  1:53  Supply Depot  
  20  1:57  SCV  
  21  2:04  Marine  
  22  2:10  SCV  
  23  2:20  Bunker  
  23  2:23  Barracks Tech Lab, Factory  
  23  2:27  Refinery  
  23  2:31  SCV  
  24  2:49  Supply Depot  
  24  2:52  Marine  
  24  2:53  SCV  
  26  3:06  SCV  
  26  3:09  Starport  
  26  3:20  SCV  
  26  3:25  Orbital Command  
  27  3:28  Siege Tank  
  27  3:32  SCV  
  31  3:44  SCV  
  31  3:46  Starport Reactor  
  32  3:51  Supply Depot  
  29  4:03  Barracks Reactor, Siege Tank  
  32  4:18  Supply Depot  
  32  4:24  Command Center  
  32  4:25  Viking  
  32  4:27  Viking  
  36  4:43  Marine x2  
  37  5:01  Marine x2  
  37  5:04  SCV  
  40  5:17  Viking  
  40  5:19  Marine x2, Viking  
  40  5:21  Bunker  
  46  5:22  Bunker  
  46  5:29  SCV  
  46  5:34  SCV  
  48  5:36  Marine  
  48  5:37  Marine  
  48  5:46  Siege Tank  
  51  5:54  Marine x2  
  41  6:24  SCV x2, Siege Tank  
  45  6:29  Marine  
  45  6:30  Marine  
  47  6:34  Bunker  
  47  6:47  Marine  
  47  6:48  Marine  
  47  6:52  Barracks x2  
  47  6:56  Siege Tank  
  50  7:03  SCV  
  50  7:05  Marine  
  53  7:15  SCV, Marine  
  53  7:20  Orbital Command  
  54  7:28  Orbital Command  
  54  7:29  Siege Tank  
  57  7:36  SCV  
  58  7:44  Starport Reactor  
  58  7:46  Barracks Tech Lab  
  58  7:48  SCV  
  59  8:04  SCV  
  59  8:05  SCV  
  60  8:06  Refinery x2  
  60  8:07  Stimpack  
  60  8:10  SCV  
  61  8:16  SCV  
  62  8:39  Marauder, Marine x3  
  67  8:41  Barracks  
  67  8:43  Barracks  
  67  8:45  SCV x2  
  69  8:54  Supply Depot  
  69  8:57  SCV x2  
  69  8:59  Supply Depot  
  69  9:00  Marauder  
  73  9:05  Orbital Command  
  73  9:09  SCV x2  
  75  9:10  Marine x2  
  75  9:16  Medivac  
  79  9:21  SCV x2  
  79  9:23  Supply Depot  
  81  9:33  SCV x2  
  83  9:39  Barracks Tech Lab  
  83  9:41  Engineering Bay  
  83  9:42  Barracks Reactor  
  83  9:43  SCV  
  83  9:44  Engineering Bay  
  84  9:45  SCV  
  84  9:51  Marauder, Combat Shield  
  87  9:55  SCV x2  
  87  9:57  Marine x3  
  92  10:03  SCV  
  92  10:04  Marine, Supply Depot  
  92  10:05  Marauder  
  96  10:08  Refinery  
  96  10:09  SCV x2  
  96  10:12  Marauder  
  100  10:14  Missile Turret  
  100  10:15  Terran Infantry Weapons Level 1  
  100  10:16  Terran Infantry Armor Level 1  
  100  10:17  SCV  
  100  10:21  Marine x3  
  101  10:22  Refinery  
  101  10:23  Marine  
  101  10:25  Concussive Shells  
  101  10:27  Marine  
  101  10:28  Marauder, Marine  
  109  10:30  Medivac  
  109  10:34  Supply Depot  
  111  10:35  Medivac  
  111  10:37  Marauder  
  111  10:41  SCV x2  
  117  10:49  Sensor Tower  
  117  10:52  SCV  
  117  10:53  Supply Depot x2  
  117  10:56  SCV  
  118  10:59  SCV  
  119  11:04  SCV  
  119  11:07  Marauder x2  
  124  11:11  SCV  
  124  11:14  SCV, Siege Tank  
  124  11:15  Supply Depot  
  126  11:23  Barracks Tech Lab  
  126  11:29  Marauder x2  
  130  11:36  Marine x4  
  130  11:37  SCV x2  
  130  11:39  Command Center  
  136  11:43  Missile Turret  
  136  11:45  Marauder  
  138  11:50  Marauder x2  
  138  11:53  Marine  
  143  11:57  SCV x2  
  145  12:01  Starport  
  145  12:02  Marine x3  
  145  12:03  Missile Turret  
  145  12:07  Factory  
  148  12:11  Marine  
  148  12:14  Armory  
  149  12:16  Supply Depot x2  
  149  12:18  Medivac, Supply Depot  
  149  12:28  Supply Depot  
  149  12:30  Marauder  
  149  12:32  SCV, Marine  
  149  12:34  Marauder  
  149  12:37  SCV  
  149  12:38  Marauder  
  146  12:49  Medivac x2  
  148  12:52  Marauder  
  148  12:56  Marauder  
  152  12:59  Factory Tech Lab, Marauder  
  154  13:13  Marauder  
  154  13:19  Barracks, Medivac x2  
  160  13:21  Missile Turret  
  160  13:22  Barracks x2  
  159  13:29  Marauder x2, Marine x4  
  159  13:30  Terran Infantry Weapons Level 2  
  159  13:31  Terran Infantry Armor Level 2  
  159  13:34  Marine  
  168  13:44  Planetary Fortress  
  168  13:46  Marine  
  168  13:47  Marine x2  
  168  13:48  Refinery  
  171  13:49  Medivac x2  
  171  13:55  Marauder x3  
  181  13:56  SCV x2  
  181  13:59  Marine  
  184  14:04  Marine x3  
  184  14:05  Terran Vehicle Weapons Level 1  
  184  14:09  Siege Tank x2  
  193  14:13  Barracks Tech Lab  
  193  14:16  Marauder  
  195  14:24  Marine  
  196  14:29  Medivac  
  196  14:30  Marauder  
  196  14:44  Refinery  
  196  14:46  Marine  
  196  14:47  Command Center  
  196  15:08  Barracks Tech Lab x2  
  196  15:11  Marine  
  196  15:27  Marauder  
  195  15:31  Marauder  
  195  15:35  Marine  
  196  15:51  Supply Depot  
  196  15:59  Marauder, Marine x2  
  196  16:02  Marauder, Marine x2  
  196  16:03  Marauder  
  200  16:06  Medivac  
  200  16:07  Marauder x3, Medivac  
  146  16:19  Marine x2  
  146  16:20  Marine x3  
  146  16:24  Marauder x2  
  141  16:28  Marauder  
  141  16:29  Marauder x2  
  143  16:36  Medivac  
  143  16:37  Marine x2, Medivac  
  143  16:38  Marine x3  
  152  16:45  Marine x2  
  154  16:49  Marine x2  
  154  16:50  Marine  
  156  16:55  Marine x3  
  156  16:56  Marine x2  
  155  17:02  Marine  
  155  17:03  Marine  
  155  17:07  Marine x3  
  156  17:11  Ghost Academy  
  156  17:12  Marine, Missile Turret  
  156  17:13  Marine x3, Missile Turret  
  156  17:14  Marine  
  153  17:20  Marine  
  153  17:21  Marauder  
  150  17:25  Marauder, Marine x2  
  153  17:30  Marine  
  153  17:31  Marine x4  
  153  17:33  Planetary Fortress  
  153  17:36  Refinery x2  
  144  17:38  Marine  
  144  17:41  Personal Cloaking  
  144  17:42  Marine  
  144  17:43  Marine x2  
  143  17:45  Sensor Tower  
  143  17:46  Marauder  
  143  17:48  Marine x2  
  143  17:49  Marine  
  143  17:50  Marauder  
  150  17:56  Marauder  
  151  18:08  Ghost  
  151  18:09  Ghost x3  
  151  18:10  Ghost  
  161  18:17  Ghost  
  163  18:26  Supply Depot  
  163  18:27  Terran Infantry Weapons Level 3, Terran Infantry Armor Level 3  
  163  18:28  Supply Depot  
  163  18:37  Ghost x4  
  163  18:39  Ghost  
  173  18:46  Ghost  
  175  19:06  Ghost x4  
  175  19:07  Ghost  
  185  19:13  Missile Turret  
  185  19:14  Ghost  
  187  19:28  Missile Turret  
  187  19:34  Ghost x4  
  187  19:36  Ghost  
  197  19:43  Ghost  
  199  19:47  Sensor Tower  
  199  20:21  Command Center  
  194  20:49  Ghost x2  
  194  20:50  Ghost  
  182  21:04  Hi-Sec Auto Tracking, Neosteel Armor  
  165  21:19  Medivac  
  165  21:20  Medivac  
  132  21:49  Medivac  
  132  21:50  Marauder x3  
  140  21:59  Marauder x3, Marine x4  
  150  22:11  Marauder  
  150  22:12  Marauder x2  
  156  22:17  Marine x3  
  156  22:19  Marine  
  156  22:20  Marauder x3  
  166  22:33  Marauder x3  
  166  22:34  Marine  
  166  22:35  Marine  
  174  22:45  Marauder x3, Marine x2  
  182  22:52  Marine x2  
  182  22:54  Marauder x2  
  182  22:55  Marauder  
  190  23:06  Marauder  
  192  23:14  Marauder x2  
  192  23:16  Marauder x2  
  199  24:05  Orbital Command  
  199  24:19  Planetary Fortress  
Show
View Real Time Build Order
Export as new Build Order

Ganon Protoss - Winner!

Build Orders: Carriers 

Get SALT Encoding   

  12  0:00  Probe  
  13  0:13  Probe  
  14  0:21  Pylon  
  14  0:25  Probe  
  15  0:39  Probe  
  15  0:40  Gateway  
  16  0:52  Probe  
  16  0:56  Assimilator  
  17  1:01  Assimilator  
  17  1:04  Probe  
  18  1:28  Probe (Chrono Boost)  
  19  1:32  Cybernetics Core  
  19  1:39  Probe (Chrono Boost)  
  20  1:44  Probe (Chrono Boost), Pylon  
  21  1:55  Probe  
  22  2:07  Probe  
  23  2:19  Probe  
  24  2:23  Stargate  
  24  2:24  Pylon  
  24  2:25  Warp Gate (Chrono Boost)  
  23  3:00  Stargate  
  23  3:01  Void Ray (Chrono Boost)  
  23  3:05  Gateway x2  
  27  3:19  Zealot  
  29  3:29  Void Ray (Chrono Boost)  
  33  3:47  Twilight Council  
  33  3:52  Zealot x2  
  33  3:53  Zealot  
  39  4:25  Pylon  
  39  4:37  Void Ray  
  39  4:39  Charge (Chrono Boost)  
  39  4:43  Probe  
  44  4:47  Zealot  
  44  4:50  Pylon  
  46  4:54  Pylon  
  46  5:00  Forge  
  46  5:11  Void Ray (Chrono Boost)  
  46  5:19  Shield Battery  
  50  5:25  Zealot x3  
  56  5:43  Void Ray  
  60  5:55  Fleet Beacon  
  40  7:12  Flux Vanes  
  40  7:16  Void Ray (Chrono Boost)  
  40  7:27  Nexus  
  44  7:34  Probe  
  45  7:37  Nexus  
  45  7:39  Assimilator  
  45  7:43  Assimilator  
  45  7:46  Probe, Pylon  
  46  7:54  Pylon  
  46  7:58  Probe  
  47  8:01  Void Ray  
  47  8:10  Probe  
  52  8:17  Protoss Ground Weapons Level 1  
  52  8:22  Probe  
  49  8:34  Probe  
  46  8:46  Probe  
  43  8:50  Phoenix  
  40  8:55  Probe x2  
  40  8:56  Anion Pulse-Crystals (Chrono Boost)  
  40  8:58  Probe  
  44  9:07  Probe  
  44  9:08  Probe  
  42  9:10  Probe  
  42  9:11  Assimilator  
  42  9:14  Assimilator  
  43  9:19  Probe  
  43  9:20  Probe, Phoenix (Chrono Boost)  
  43  9:23  Probe  
  48  9:26  Stargate  
  48  9:32  Probe x2  
  48  9:35  Probe  
  51  9:42  Phoenix (Chrono Boost)  
  51  9:44  Probe x2  
  55  9:47  Probe  
  55  9:49  Pylon, Protoss Air Weapons Level 1 (Chrono Boost)  
  56  9:55  Pylon  
  56  9:56  Probe x2 (Chrono Boost)  
  56  9:58  Pylon  
  59  10:00  Probe (Chrono Boost)  
  60  10:08  Probe (Chrono Boost)  
  60  10:09  Probe (Chrono Boost)  
  62  10:14  Probe (Chrono Boost)  
  62  10:17  Pylon  
  62  10:22  Shield Battery  
  62  10:24  Gateway, Pylon  
  62  10:26  Phoenix x2  
  66  10:40  Robotics Facility  
  66  10:42  Protoss Shields Level 1  
  66  10:47  Probe x3  
  69  10:51  Photon Cannon  
  69  10:52  Photon Cannon  
  69  10:55  Shield Battery  
  69  11:02  Photon Cannon  
  69  11:05  Photon Cannon  
  69  11:09  Photon Cannon  
  69  11:13  Shield Battery  
  69  11:16  Photon Cannon  
  69  11:17  Pylon  
  69  11:28  Observer  
  69  11:30  Phoenix x2 (Chrono Boost)  
  74  11:36  Stargate  
  74  11:46  Stargate  
  74  11:47  Stargate  
  74  11:52  Phoenix  
  74  11:53  Phoenix  
  72  12:27  Phoenix  
  72  12:28  Phoenix x2  
  74  12:49  Phoenix x2  
  78  12:52  Phoenix  
  78  12:53  Phoenix  
  76  13:30  Carrier  
  76  13:31  Carrier x4  
  106  13:46  Gateway  
  91  14:27  Zealot x3  
  91  14:28  Zealot  
  99  14:34  Probe x3  
  99  14:35  Oracle  
  105  14:41  Tempest x3  
  105  14:42  Tempest  
  125  14:46  Probe  
  125  14:52  Gateway  
  126  14:54  Gateway  
  126  14:57  Gateway  
  126  14:58  Pylon  
  126  15:04  Zealot x5  
  126  15:06  Immortal (Chrono Boost)  
  136  15:14  Gateway x2  
  140  15:17  Gateway  
  140  15:21  Gateway  
  140  15:28  Gateway  
  140  15:31  Gateway  
  140  15:34  Gateway  
  134  15:43  Nexus  
  134  16:15  Zealot x3  
  134  16:16  Zealot x3  
  134  16:17  Zealot x4  
  134  16:18  Zealot  
  88  17:07  Pylon  
  67  17:09  Assimilator  
  67  17:11  Zealot x2  
  67  17:12  Zealot x4  
  67  17:13  Zealot x4  
  67  17:14  Zealot x2, Assimilator  
  67  17:15  Zealot x2  
  93  17:16  Pylon  
  87  17:24  Void Ray x2 (Chrono Boost)  
  87  17:34  Void Ray x3 (Chrono Boost)  
  107  17:42  Photon Cannon  
  107  18:04  Void Ray  
  107  18:06  Zealot  
  113  18:23  Templar Archives  
  113  18:24  Void Ray x2  
  113  18:30  Pylon  
  125  18:39  Pylon  
  125  18:51  Void Ray  
  125  18:52  Void Ray  
  125  18:54  Carrier  
  135  19:10  Cybernetics Core  
  135  19:17  Protoss Shields Level 2 (Chrono Boost)  
  135  19:18  Protoss Air Weapons Level 2 (Chrono Boost)  
  135  19:19  Void Ray  
  135  19:22  Void Ray  
  143  19:41  Observer  
  144  19:49  Void Ray x2  
  144  19:59  High Templar x3  
  158  20:00  High Templar x5  
  158  20:02  Observer, Zealot x2  
  158  20:05  Archon x4  
  173  20:20  Void Ray x2  
  173  20:21  Void Ray  
  94  21:12  Void Ray x4  
  94  21:13  Void Ray  
  98  21:20  Zealot x4  
  98  21:21  Zealot x4  
  106  21:45  Protoss Air Armor Level 1  
  99  21:58  Assimilator  
  99  21:59  Nexus  
  99  22:10  High Templar x2  
  99  22:11  High Templar x4  
  99  22:12  Zealot  
  99  22:13  Zealot x2  
  99  22:15  Archon x3  
  117  22:16  Nexus  
  117  22:17  Pylon  
  101  23:29  Zealot x5  
  101  23:30  Zealot x7  
  101  23:31  Zealot x3  
  87  24:18  Zealot x3  
  87  24:19  Zealot x7  
  87  24:20  Zealot x5  
  107  24:42  High Templar x3  
  107  24:43  High Templar x5  
  107  24:44  High Templar x4  
  131  24:48  Archon x2  
  131  24:49  Archon x4  
  131  24:56  Assimilator  
  131  25:00  Assimilator  
  131  25:01  Stalker x2  
  131  25:02  Pylon  
  131  25:04  Zealot  
  131  25:05  Pylon  
Show
View Real Time Build Order
Export as new Build Order

Massa Terran 

Build Orders: 2 Factory, Hellion Opening 

Get SALT Encoding   

  12  0:00  SCV  
  13  0:12  SCV  
  14  0:22  Supply Depot  
  14  0:24  SCV  
  15  0:32  Refinery  
  15  0:43  SCV  
  15  0:45  Barracks  
  16  0:55  SCV  
  17  1:04  Refinery  
  17  1:08  SCV  
  18  1:20  SCV  
  19  1:32  SCV  
  20  1:34  Factory  
  20  1:44  SCV, Reaper  
  22  1:58  Orbital Command  
  22  2:15  Factory  
  22  2:20  Factory Reactor  
  22  2:22  Barracks Tech Lab  
  22  2:26  Supply Depot  
  22  2:28  SCV  
  23  2:57  Supply Depot  
  23  2:58  Barracks Tech Lab  
  23  3:04  Hellion x2, Engineering Bay  
  27  3:10  Hellion, Infernal Pre-Igniter  
  29  3:17  SCV  
  30  3:25  Hellion  
  33  3:30  Hellion  
  33  3:31  Hellion  
  36  3:47  Hellion  
  38  4:12  Supply Depot x2  
  38  4:22  SCV, Armory  
  39  4:27  Missile Turret  
  39  4:34  Widow Mine x2  
  45  4:41  Siege Tank  
  46  4:55  Widow Mine  
  46  5:03  Stimpack  
  46  5:13  Cyclone  
  49  5:14  Widow Mine  
  49  5:17  Widow Mine, Command Center  
  53  5:27  SCV  
  54  5:39  Starport, SCV  
  55  5:44  Missile Turret  
  31  6:28  Marine  
  30  6:46  Marine  
  31  6:53  Widow Mine x3  
  37  7:01  Orbital Command  
  34  7:04  Marine  
  34  7:07  Barracks x3  
  35  7:08  Medivac  
  35  7:14  Widow Mine x3  
  43  7:20  Combat Shield  
  43  7:25  Marauder  
  45  7:30  Terran Infantry Weapons Level 1  
  45  7:34  SCV x2  
  45  7:35  Widow Mine  
  49  7:38  Medivac  
  49  7:42  Siege Tank  
  54  7:44  Widow Mine  
  54  7:46  Marine  
  54  7:49  SCV  
  54  7:50  SCV  
  59  8:02  SCV x2  
  61  8:12  Barracks Reactor x2  
  61  8:13  Barracks Tech Lab  
  61  8:14  SCV, Marauder  
  64  8:21  Widow Mine x3  
  70  8:41  Supply Depot x3  
  70  9:02  SCV x2  
  76  9:03  Widow Mine, Marauder  
  76  9:06  Supply Depot x2  
  76  9:21  Siege Tank  
  76  9:22  SCV x2  
  83  9:24  Marauder  
  83  9:26  Command Center  
  83  9:34  SCV  
  83  9:35  SCV  
  83  9:36  Refinery  
  85  9:38  Refinery  
  85  9:47  SCV x2, Marauder  
  85  9:48  Marauder, Marine x4  
  95  9:53  Concussive Shells  
  95  10:06  Marine x4  
  99  10:09  Marauder x2  
  103  10:16  Barracks  
  103  10:20  Factory Tech Lab, Starport Reactor  
  103  10:24  SCV x2  
  105  10:30  Marauder  
  107  10:36  SCV x2  
  107  10:38  Missile Turret  
  109  10:43  Thor x2  
  109  10:48  SCV x2  
  123  10:58  Missile Turret  
  121  11:18  Missile Turret  
  121  11:30  Marauder x2  
  125  11:33  Marine x2  
  125  11:43  Missile Turret  
  125  11:47  Orbital Command  
  125  11:48  SCV, Marine  
  125  11:49  Supply Depot  
  125  11:50  Supply Depot  
  125  11:53  Supply Depot  
  125  11:56  Terran Vehicle Weapons Level 1  
  125  12:02  Terran Infantry Armor Level 1  
  125  12:10  Marine  
  125  12:11  SCV x2, Marauder x2  
  125  12:12  Medivac x2  
  125  12:14  Thor x2, Supply Depot  
  148  12:16  Supply Depot  
  148  12:18  Supply Depot  
  146  12:23  SCV x2  
  133  12:49  Marauder x2, Marine x4  
  133  12:54  Marine x2  
  133  12:57  Thor  
  133  12:58  Hellion, Medivac  
  145  13:07  Marine x4  
  145  13:10  Refinery, Marauder x2  
  145  13:11  Refinery  
  145  13:12  Marine x2  
  152  13:18  SCV  
  152  13:19  SCV x2  
  156  13:24  Marine  
  156  13:25  Marine x3  
  158  13:30  SCV, Marine  
  158  13:31  SCV, Marauder  
  158  13:32  Marauder  
  165  13:36  Command Center  
  165  13:53  Marauder x2  
  158  14:09  Marine x5  
  157  14:14  Marauder  
  157  14:15  Marauder, Medivac  
  157  14:16  Medivac  
  162  14:17  Siege Tank x2  
  156  14:36  Marauder x2  
  158  14:41  Marine x4  
  162  14:45  Medivac  
  162  14:49  Siege Tank x2  
  162  14:52  Starport  
  170  14:56  Planetary Fortress  
  170  14:57  Marauder x2  
  172  15:02  Barracks Tech Lab  
  171  15:18  Marauder  
  171  15:19  Marauder  
  175  15:21  Siege Tank  
  178  15:39  Siege Tank  
  178  15:40  Marauder x2  
  185  15:53  Siege Tank  
  188  16:03  Marauder  
  185  16:11  Siege Tank  
  147  16:22  Marauder  
  147  16:23  Marauder, Marine x4  
  147  16:24  Marauder  
  143  16:29  Terran Infantry Weapons Level 2  
  129  16:33  Engineering Bay  
  129  16:36  Armory  
  129  16:38  Command Center  
  111  16:40  Marine  
  111  16:41  Refinery, Marine x2  
  111  16:43  Refinery  
  111  16:44  Marauder x2  
  111  16:46  Marauder  
  101  16:56  Marine  
  98  17:03  Siege Tank x2  
  98  17:04  Marine  
  98  17:05  Marauder, Marine x2  
  98  17:06  Marauder  
  98  17:07  Marauder  
  96  17:14  Marine  
  89  17:22  Marine  
  86  17:26  Marauder  
  86  17:27  Marauder  
  86  17:28  Marauder, Medivac x2  
  86  17:29  Missile Turret  
  97  17:35  Siege Tank  
  100  17:48  Marauder x2  
  100  17:50  Marauder, Missile Turret  
  106  17:51  Siege Tank  
  109  18:07  Siege Tank  
  109  18:09  Marauder  
  109  18:10  Marauder, Marine x2  
  109  18:11  Marauder  
  120  18:13  Missile Turret  
  120  18:16  Factory  
  120  18:25  SCV x3  
  123  18:27  SCV  
  123  18:31  Marauder x2  
  123  18:32  Marauder  
  123  18:33  Missile Turret  
  130  18:36  Planetary Fortress  
  130  18:37  SCV x3  
  133  19:07  Marauder x3  
  133  19:08  Marine  
  133  19:09  Marine x3  
  134  19:12  Siege Tank x2  
  134  19:13  Factory Tech Lab  
  134  19:16  SCV x3  
  143  19:17  SCV  
  144  19:26  Marine  
  144  19:27  Marine x3  
  144  19:28  Marauder x2  
  144  19:29  Marauder  
  154  19:44  Marine  
  154  19:45  Marine x3  
  158  19:46  Refinery  
  158  19:48  Refinery  
  158  19:49  Siege Tank  
  158  19:50  Marauder x3, Thor  
  158  19:52  Thor  
  179  20:02  Terran Infantry Weapons Level 3, Marine x4  
  179  20:05  Terran Infantry Armor Level 2  
  183  20:10  Terran Vehicle And Ship Armor Level 1  
  183  20:11  Marauder x3  
  189  20:32  Marauder  
  189  20:33  Marauder x2  
  154  20:54  Marauder x2  
  120  21:15  Medivac x2  
  124  21:26  Siege Tank  
  124  21:27  Siege Tank  
  130  21:39  Command Center  
  130  21:45  Medivac x2  
  51  21:54  Marauder  
  51  21:55  Marauder x2, Marine x4  
  51  21:59  Siege Tank x2  
  64  22:15  Medivac  
  64  22:16  Marauder  
  64  22:17  SCV x3  
  71  22:29  SCV x3, Sensor Tower  
  74  22:31  Siege Tank  
  77  22:42  Marine  
  77  22:43  Marine x2  
  80  22:53  Planetary Fortress  
  80  22:57  SCV  
  77  23:17  SCV x3  
  79  23:29  SCV x2  
  79  23:31  Marine x3  
  79  23:32  Marine x4  
  88  23:49  Marine  
  88  23:55  Factory  
  89  24:00  Command Center  
  84  24:30  Marauder x2, Marine x2  
  84  24:31  Marauder, Marine x2  
Show
View Real Time Build Order
Export as new Build Order

qqq Zerg 

Build Orders: Hatch First 

Get SALT Encoding   

  12  0:07  Drone  
  12  0:09  Drone  
  14  0:21  Overlord  
  14  0:47  Hatchery  
  13  0:50  Drone  
  13  0:54  Drone  
  15  1:00  Extractor  
  14  1:10  Drone x2  
  16  1:35  Drone, Spawning Pool  
  16  1:50  Drone, Overlord  
  16  1:52  Extractor  
  16  2:03  Drone  
  16  2:04  Drone  
  18  2:12  Drone  
  18  2:13  Drone  
  20  2:25  Queen  
  22  2:32  Metabolic Boost  
  22  2:36  Zergling x2  
  23  2:39  Drone  
  23  2:41  Drone  
  25  2:44  Zergling x2  
  26  2:51  Spine Crawler  
  26  2:54  Drone  
  26  2:58  Zergling x2  
  27  3:01  Drone  
  28  3:11  Spine Crawler  
  27  3:20  Zergling x2, Overlord  
  27  3:21  Drone, Zergling x2  
  27  3:24  Drone  
  31  3:35  Drone  
  31  3:39  Drone  
  31  3:40  Zergling x2  
  31  3:41  Spine Crawler  
  33  3:46  Queen  
  35  4:05  Drone  
  35  4:06  Overlord  
  35  4:07  Spore Crawler, Overlord  
  35  4:20  Overlord  
  35  4:21  Zergling x2  
  36  4:24  Queen  
  38  4:41  Drone x3  
  38  4:44  Lair  
  41  4:56  Overlord  
  41  4:59  Extractor  
  38  5:26  Queen  
  38  5:28  Zergling x6  
  41  5:29  Drone x3  
  41  5:51  Hatchery  
  40  6:01  Queen  
  39  6:32  Spine Crawler  
  38  6:33  Spore Crawler  
  38  6:37  Queen  
  35  6:59  Drone x3  
  34  7:11  Spire  
  34  7:13  Extractor  
  34  7:15  Queen  
  32  7:16  Drone x2  
  32  7:21  Overlord x3  
  29  7:24  Spore Crawler  
  29  7:26  Spore Crawler  
  27  7:35  Hatchery  
  27  7:36  Hatchery  
  25  7:37  Hatchery, Drone x2  
  26  7:44  Extractor  
  26  7:46  Extractor  
  26  7:47  Drone x2  
  26  7:54  Queen  
  26  7:56  Drone  
  29  7:58  Drone  
  29  7:59  Drone  
  31  8:17  Infestation Pit  
  30  8:24  Zerg Flyer Weapons Level 1  
  30  8:25  Mutalisk x2  
  34  8:28  Spore Crawler  
  34  8:29  Spore Crawler  
  34  8:30  Drone  
  34  8:31  Mutalisk  
  35  8:37  Mutalisk  
  37  8:54  Mutalisk  
  37  8:55  Mutalisk  
  41  8:56  Drone  
  42  9:09  Mutalisk  
  42  9:10  Drone  
  42  9:11  Drone x3  
  42  9:12  Drone  
  42  9:16  Drone  
  50  9:20  Drone  
  51  9:35  Drone x3  
  51  9:36  Mutalisk  
  56  9:42  Drone  
  56  9:43  Drone x4  
  61  9:46  Drone x2  
  61  9:47  Drone x2  
  61  9:49  Overlord  
  65  9:53  Extractor  
  65  9:56  Corruptor  
  65  9:59  Drone  
  67  10:07  Drone x6  
  73  10:18  Zerg Flyer Armor Level 1  
  73  10:28  Overlord  
  73  10:30  Corruptor  
  73  10:32  Drone x5  
  73  10:33  Drone x4  
  84  10:36  Extractor  
  84  10:38  Extractor x2  
  84  10:40  Extractor  
  84  10:41  Extractor  
  79  10:44  Drone x4  
  79  10:45  Drone x2  
  79  10:46  Corruptor  
  87  10:50  Overlord  
  87  11:01  Hive  
  87  11:03  Drone x4  
  87  11:04  Drone  
  92  11:11  Mutalisk, Baneling Nest  
  91  11:14  Drone x4  
  91  11:15  Mutalisk  
  99  11:19  Drone  
  100  11:28  Drone x6  
  100  11:30  Mutalisk, Corruptor  
  110  11:42  Spine Crawler  
  110  11:44  Spine Crawler  
  110  11:46  Spine Crawler x2  
  106  11:47  Spine Crawler  
  106  11:50  Drone, Spine Crawler  
  106  11:51  Drone  
  106  11:52  Drone x4  
  106  11:53  Drone  
  111  11:54  Drone  
  112  12:02  Mutalisk  
  112  12:03  Mutalisk  
  112  12:04  Mutalisk  
  112  12:05  Mutalisk  
  115  12:20  Corruptor x3  
  119  12:24  Spore Crawler  
  112  12:46  Zergling x2  
  112  12:47  Zergling x6, Viper x2  
  112  12:49  Drone x5, Zergling x2  
  126  12:52  Overlord  
  126  13:05  Queen  
  126  13:11  Corruptor  
  126  13:12  Mutalisk x3  
  130  13:15  Centrifical Hooks  
  130  13:16  Overlord  
  130  13:17  Overlord  
  134  13:31  Baneling x10  
  134  13:35  Zerg Flyer Armor Level 2  
  134  13:37  Evolution Chamber  
  134  13:39  Evolution Chamber  
  94  14:39  Zerg Melee Weapons Level 1, Zerg Ground Armor Level 1  
  94  14:44  Zergling x12  
  101  14:45  Drone x2  
  101  14:46  Drone x7  
  109  14:59  Ultralisk Cavern  
  108  15:00  Viper  
  108  15:01  Corruptor  
  108  15:02  Corruptor x4  
  108  15:05  Baneling  
  108  15:06  Baneling x7  
  108  15:07  Baneling x4  
  121  15:16  Zergling x4  
  121  15:18  Corruptor x4  
  121  15:19  Corruptor x4  
  121  15:20  Corruptor x2  
  142  15:42  Corruptor x5  
  133  15:43  Viper  
  133  15:45  Corruptor  
  133  15:48  Ultralisk x3  
  147  15:51  Anabolic Synthesis, Zerg Flyer Weapons Level 2  
  147  15:55  Overlord x2  
  147  15:56  Drone  
  144  16:00  Spore Crawler  
  144  16:02  Spore Crawler  
  130  16:28  Viper  
  130  16:29  Ultralisk, Corruptor  
  130  16:30  Corruptor x3  
  130  16:31  Drone  
  130  16:32  Drone x4  
  152  16:33  Zerg Missile Weapons Level 1, Chitinous Plating  
  115  16:59  Ultralisk x2  
  115  17:00  Zergling x10  
  115  17:01  Zergling x6  
  121  17:22  Mutalisk x4  
  108  17:38  Zerg Melee Weapons Level 2  
  107  17:44  Hatchery  
  107  17:50  Zergling x10  
  111  17:53  Hatchery  
  110  18:02  Extractor  
  107  18:05  Hatchery  
  106  18:14  Greater Spire  
  106  18:23  Mutalisk  
  108  18:27  Zerg Ground Armor Level 2  
  108  18:46  Viper  
  111  18:49  Zergling x10  
  111  18:50  Zergling x8  
  120  18:56  Drone  
  121  19:27  Mutalisk x2  
  121  19:29  Ultralisk x2  
  121  19:31  Zergling x6  
  140  19:48  Brood Lord  
  140  19:50  Drone, Brood Lord  
  140  19:51  Drone x7  
  140  19:52  Drone  
  153  19:55  Queen  
  155  20:03  Zerg Melee Weapons Level 3  
  155  20:20  Pneumatized Carapace  
  155  20:22  Overseer  
  155  20:23  Overseer  
  155  20:31  Queen  
  144  20:58  Brood Lord x4  
  116  21:40  Zergling x12  
  116  21:43  Drone x4  
  116  21:44  Drone x2  
  127  21:55  Baneling x9, Corruptor  
  127  21:56  Corruptor  
  127  21:58  Drone x2  
  127  21:59  Hatchery  
  127  22:01  Hatchery  
  131  22:03  Spore Crawler  
  131  22:05  Spine Crawler  
  131  22:06  Spine Crawler  
  131  22:07  Drone x2  
  130  22:11  Zerg Ground Armor Level 3  
  130  22:12  Corruptor x3  
  136  22:16  Drone x2  
  138  22:23  Extractor  
  138  22:25  Extractor  
  138  22:28  Corruptor x2  
  140  22:31  Drone x2  
  142  22:43  Overlord x3  
  142  22:55  Overlord x4  
  142  23:08  Corruptor  
  142  23:10  Corruptor  
  142  23:11  Mutalisk  
  148  23:14  Drone  
  148  23:16  Drone  
  148  23:17  Drone  
  148  23:18  Drone  
  149  23:40  Corruptor x2  
  149  23:41  Corruptor x2  
  153  23:42  Corruptor  
  159  23:54  Corruptor x2  
  138  24:04  Mutalisk x3  
  108  24:26  Corruptor x4  
  108  24:29  Drone x5  
Tags
 
Add a new tag
Caveats
  • Supply blocks, unpowered buildings, or Contaminate may cause inaccurate times.
  • Supply counts are checked every 10 seconds.